Map: Deathaura LE

Players

HeroMarine - Winner!

  • Race: Terran Terran
  • League: Grandmaster
  • Spawn Location: 11:00

AGOElazer (Elazer)

  • Race: Zerg Zerg
  • Spawn Location: 5:00

Event: DreamHack SC2 Masters 2020 Winter

VOD

Have the link to the VOD?

Description

Time

  • Played on: Nov. 7, 2020, 10:48 a.m.
  • Length: 13:20

All games in this series

Show
View Real Time Build Order
Export as new Build Order

HeroMarine Terran - Winner!

Build Orders: Reaper Expand 

Get SALT Encoding   

  12  0:00  SCV  
  13  0:12  SCV  
  14  0:17  Supply Depot  
  14  0:24  SCV  
  15  0:39  SCV  
  15  0:40  Barracks  
  16  0:44  Refinery  
  16  0:51  SCV  
  17  1:03  SCV  
  18  1:15  SCV  
  19  1:27  Reaper, Orbital Command  
  20  1:39  Command Center  
  20  1:46  Supply Depot  
  20  1:53  SCV  
  21  1:59  Marine  
  22  2:05  SCV  
  23  2:10  Factory  
  23  2:17  SCV  
  25  2:24  Barracks Reactor  
  25  2:29  SCV  
  25  2:38  Command Center  
  25  2:41  SCV  
  26  2:51  Orbital Command  
  26  2:53  SCV  
  27  3:00  Barracks  
  27  3:05  Barracks Tech Lab  
  27  3:06  SCV, Hellion  
  27  3:10  Hellion  
  32  3:17  SCV  
  32  3:18  SCV  
  34  3:22  Refinery  
  34  3:24  Stimpack, Marine  
  35  3:29  SCV  
  35  3:30  SCV  
  37  3:41  SCV, Marine  
  37  3:42  SCV  
  40  3:49  Starport  
  40  3:51  Orbital Command  
  40  3:53  SCV  
  40  3:54  SCV, Marine x2  
  44  3:58  Factory Reactor  
  44  3:59  Refinery, Marine  
  45  4:05  SCV  
  45  4:06  SCV  
  47  4:10  Supply Depot  
  47  4:12  Marine x2  
  49  4:17  SCV x2, Marine  
  49  4:18  SCV  
  53  4:27  Orbital Command  
  53  4:30  SCV x2, Marine x2  
  57  4:34  Supply Depot  
  57  4:35  Marine  
  58  4:40  Medivac x2  
  58  4:42  SCV x2, Engineering Bay  
  58  4:43  Engineering Bay  
  64  4:47  Marine  
  64  4:48  Marine  
  64  4:52  Factory Reactor  
  66  4:54  SCV x2  
  66  4:55  SCV, Barracks  
  66  4:58  Marine  
  70  5:05  Marine x2  
  70  5:06  SCV  
  70  5:07  SCV x2  
  74  5:08  Terran Infantry Weapons Level 1, Terran Infantry Armor Level 1  
  74  5:12  Combat Shield  
  75  5:15  Supply Depot  
  75  5:16  Marine  
  75  5:18  SCV  
  77  5:22  Supply Depot  
  77  5:24  SCV x2, Marine x2  
  77  5:27  Supply Depot  
  77  5:28  Supply Depot  
  81  5:30  Refinery  
  81  5:32  SCV  
  81  5:33  Marine  
  82  5:36  SCV x2  
  82  5:38  Factory Reactor  
  82  5:39  Supply Depot  
  82  5:42  Marine x2  
  86  5:44  SCV  
  86  5:48  SCV x2  
  89  5:51  Marine  
  89  5:53  Marine x2  
  89  5:56  SCV  
  92  5:59  Medivac x2, Marine  
  92  6:00  SCV, Marine  
  92  6:03  SCV  
  98  6:08  SCV  
  98  6:09  Marine  
  99  6:11  Marine x2  
  99  6:12  SCV  
  99  6:13  Barracks  
  99  6:15  Supply Depot, Barracks  
  99  6:16  SCV  
  99  6:17  Marine  
  104  6:18  Marine  
  104  6:20  SCV  
  104  6:22  Widow Mine  
  104  6:25  SCV, Armory  
  109  6:26  Widow Mine  
  109  6:28  SCV  
  109  6:30  Marine x2  
  109  6:31  Marine  
  109  6:32  SCV  
  117  6:41  Marine x2  
  117  6:46  Factory  
  118  6:48  Marine  
  118  6:49  Command Center  
  118  6:50  Supply Depot  
  118  6:53  Marine  
  118  6:54  Marine  
  110  6:56  Supply Depot  
  110  6:59  Marine x2  
  113  7:01  SCV x2  
  113  7:02  SCV  
  113  7:06  Marine  
  117  7:09  Barracks Reactor x2  
  117  7:10  Widow Mine x2  
  117  7:11  Terran Infantry Armor Level 2, Marine, Terran Infantry Weapons Level 2  
  117  7:13  Marine  
  121  7:16  Marine  
  121  7:17  Marine  
  121  7:19  Terran Vehicle And Ship Armor Level 1  
  123  7:25  Supply Depot  
  123  7:29  Supply Depot, Marine x2  
  125  7:32  Widow Mine x2  
  129  7:40  Marine x2  
  129  7:43  SCV x3, Factory Tech Lab  
  133  7:46  Barracks x3  
  133  7:51  Marine x2  
  132  7:53  Widow Mine x2  
  132  7:54  Marauder  
  132  7:56  Marine x2  
  139  8:00  Marine  
  139  8:01  Marine x3  
  139  8:02  Drilling Claws  
  139  8:03  Widow Mine  
  139  8:04  SCV x2  
  144  8:06  SCV  
  144  8:09  Marine x2  
  144  8:10  Medivac x2  
  151  8:13  Marine  
  151  8:16  SCV  
  151  8:17  SCV, Marine x2  
  151  8:18  SCV, Marine  
  151  8:19  Marine x2  
  160  8:22  Widow Mine x2  
  164  8:28  SCV  
  164  8:29  SCV  
  164  8:30  SCV  
  167  8:35  Barracks Tech Lab  
  167  8:36  Barracks Tech Lab x2  
  167  8:40  Liberator x2  
  173  8:45  Planetary Fortress  
  171  8:49  Marauder  
  171  8:50  Refinery  
  171  8:51  Refinery  
  171  8:54  Marine x2  
  171  8:55  Marine x3  
  178  9:05  Marauder x2, Marine x4  
  178  9:06  Widow Mine  
  178  9:07  Widow Mine  
  180  9:11  Command Center  
  180  9:12  Supply Depot, Marauder, Marine  
  180  9:14  Supply Depot, Sensor Tower  
  183  9:18  Marine x2  
  183  9:24  Marauder  
  187  9:27  Marine  
  187  9:30  Marine  
  188  9:33  Widow Mine x2  
  188  9:34  Marauder x2, Marine  
  188  9:35  Marauder  
  194  9:39  Terran Infantry Weapons Level 3  
  194  9:40  Marine  
  194  9:45  Marauder  
  196  9:55  Marauder x2  
  196  9:56  Marauder  
  180  10:01  Marine x3, Factory  
  180  10:02  Marine x2  
  180  10:03  Marine  
  180  10:06  Marauder, Marine x2  
  190  10:09  Medivac, Widow Mine x2  
  196  10:17  Marauder x2  
  196  10:18  Refinery  
  196  10:19  Marine  
  196  10:20  Marauder  
  194  10:24  Marine x3  
  194  10:28  Marauder  
  189  10:38  Marauder x2, Marine x3  
  189  10:39  Marine  
  189  10:41  Marauder  
  166  10:43  Marine x4  
  166  10:44  Medivac, Siege Tank  
  166  10:45  Medivac  
  166  10:49  Command Center, Marauder  
  175  10:55  Marine  
  175  10:56  Marine x3  
  179  10:59  Marauder x2  
  179  11:00  Marine  
  179  11:01  Marine  
  179  11:02  Marauder, Factory Tech Lab  
  184  11:04  SCV x4  
  184  11:07  Concussive Shells, Marine x2  
  184  11:11  Marauder  
  191  11:16  SCV x3, Factory Tech Lab  
  191  11:17  Planetary Fortress  
  194  11:19  Siege Tank  
  194  11:21  Terran Vehicle Weapons Level 1, Marauder  
  199  11:28  SCV  
  176  11:40  Medivac x2, Siege Tank x2  
  176  11:41  Marauder, Marine  
  176  11:42  Marauder, Marine x9  
  190  11:47  Command Center  
  190  11:50  Ghost Academy  
  190  11:51  Siege Tank  
  193  11:59  Marine x4, Sensor Tower  
  193  12:00  Marauder  
  199  12:04  Orbital Command  
  199  12:09  Marine, Sensor Tower  
  198  12:31  Ghost  
  198  12:35  Command Center  
  199  12:41  Ghost  
  192  13:00  Command Center  
Show
View Real Time Build Order
Export as new Build Order

AGOElazer Zerg 

Build Orders: Hatch First, Lurkers 

Get SALT Encoding   

  12  0:00  Drone  
  13  0:12  Overlord  
  13  0:16  Drone  
  14  0:30  Drone x2  
  16  0:47  Hatchery  
  15  0:50  Drone  
  15  0:54  Drone  
  17  0:57  Drone  
  18  1:08  Extractor  
  17  1:12  Spawning Pool  
  17  1:15  Drone  
  17  1:18  Drone  
  18  1:28  Drone  
  19  1:38  Drone  
  20  1:49  Drone  
  21  1:58  Queen x2  
  21  1:59  Zergling x2  
  21  2:00  Overlord  
  26  2:10  Zergling x2, Drone  
  26  2:12  Metabolic Boost  
  28  2:21  Drone x2  
  30  2:33  Hatchery  
  31  2:37  Drone x2  
  31  2:44  Queen  
  31  2:49  Overlord  
  33  2:52  Drone  
  33  2:53  Drone  
  33  2:56  Drone  
  36  3:03  Overlord  
  36  3:08  Queen, Drone  
  36  3:10  Drone  
  36  3:12  Drone  
  41  3:16  Drone  
  42  3:20  Queen  
  42  3:24  Drone x2  
  46  3:28  Drone x2  
  48  3:36  Drone  
  48  3:39  Overlord  
  48  3:40  Drone x2  
  51  3:46  Queen  
  51  3:48  Drone x3  
  56  3:52  Drone x2  
  56  3:54  Overlord  
  58  4:00  Drone x3  
  60  4:07  Evolution Chamber  
  59  4:10  Drone x3, Baneling Nest  
  59  4:16  Queen  
  63  4:19  Zergling x4  
  63  4:21  Drone x3  
  63  4:22  Drone  
  69  4:29  Overlord  
  69  4:30  Drone x4  
  73  4:33  Zerg Ground Armor Level 1  
  73  4:36  Extractor  
  73  4:37  Drone, Extractor  
  72  4:40  Overlord  
  72  4:45  Zergling x4  
  74  4:48  Drone x3  
  74  4:49  Drone x3  
  80  4:53  Overlord  
  80  4:55  Lair  
  80  5:03  Zergling x6  
  80  5:06  Hatchery, Zergling x4  
  80  5:07  Evolution Chamber  
  83  5:09  Extractor  
  83  5:12  Zergling x6  
  85  5:15  Zergling x2  
  85  5:16  Baneling x4  
  85  5:18  Zergling x2  
  85  5:19  Zergling x2  
  88  5:25  Drone  
  88  5:26  Overlord  
  89  5:31  Zergling x14  
  89  5:33  Zerg Melee Weapons Level 1  
  96  5:42  Spore Crawler  
  96  5:43  Zergling x6, Extractor  
  96  5:45  Zergling x2  
  96  5:48  Overlord  
  93  5:58  Overlord  
  93  5:59  Drone x7  
  93  6:03  Zergling x2  
  95  6:06  Zergling x2  
  95  6:11  Zergling x10, Centrifical Hooks  
  98  6:12  Pneumatized Carapace  
  98  6:13  Burrow  
  98  6:22  Zergling x8, Overseer  
  98  6:23  Baneling  
  98  6:24  Baneling x4  
  102  6:28  Hatchery  
  102  6:29  Zergling x2  
  102  6:30  Zergling x2  
  102  6:32  Overlord  
  102  6:33  Zergling x2  
  102  6:34  Zergling x10  
  102  6:37  Zerg Ground Armor Level 2  
  102  6:38  Overlord  
  108  6:41  Drone x3  
  108  6:45  Overlord  
  110  6:50  Drone x4  
  111  6:56  Overlord  
  111  6:58  Zergling x4  
  113  7:02  Drone  
  113  7:05  Hydralisk Den, Drone x8  
  115  7:13  Zergling x14  
  122  7:16  Overlord  
  122  7:21  Zergling x2  
  122  7:26  Zergling x2  
  122  7:27  Zergling x4  
  122  7:29  Overseer  
  125  7:30  Zergling x2  
  125  7:33  Baneling x5  
  126  7:40  Zergling x24  
  135  7:46  Muscular Augments, Zerg Melee Weapons Level 2  
  135  7:49  Overlord  
  135  7:53  Infestation Pit, Extractor  
  135  7:57  Drone x6  
  135  8:00  Drone  
  135  8:03  Baneling x4  
  135  8:04  Drone x5  
  135  8:05  Drone x2, Extractor x2  
  141  8:06  Drone  
  141  8:10  Drone x5  
  146  8:13  Overlord  
  146  8:15  Baneling x2  
  146  8:17  Baneling x8  
  146  8:21  Zergling x8  
  150  8:27  Overlord x3  
  150  8:31  Hive  
  150  8:32  Lurker Den  
  148  8:42  Zergling x18  
  153  8:49  Baneling x8  
  153  8:50  Zergling x2  
  153  8:51  Zergling x24  
  166  8:57  Hydralisk x2  
  166  8:58  Spore Crawler  
  166  9:01  Extractor x2  
  166  9:07  Hydralisk  
  166  9:08  Hydralisk x8  
  176  9:17  Zerg Missile Weapons Level 1  
  176  9:18  Zergling x8  
  180  9:30  Overlord  
  171  9:32  Zergling x26  
  181  9:38  Overlord  
  181  9:39  Overlord  
  181  9:44  Overseer x2  
  176  9:46  Baneling  
  176  9:47  Lurker  
  176  9:48  Baneling x17  
  176  9:50  Zergling x12  
  166  10:00  Spore Crawler  
  166  10:04  Adrenal Glands, Seismic Spines  
  166  10:06  Drone x6  
  168  10:14  Zergling x18  
  171  10:20  Zergling x4  
  162  10:22  Grooved Spines  
  162  10:27  Drone x4  
  154  10:38  Zergling x10  
  137  10:46  Zergling x6  
  137  10:50  Drone x3  
  137  10:54  Viper  
  143  11:01  Adaptive Talons, Hydralisk x4, Lurker x5  
  156  11:07  Hydralisk x2  
  156  11:10  Hydralisk x2  
  163  11:18  Drone x3  
  165  11:23  Hydralisk x3  
  161  11:38  Hydralisk x8  
  161  11:39  Zergling x2  
  176  11:40  Zergling x6  
  177  11:49  Hydralisk x2  
  178  12:01  Zergling x22  
  178  12:03  Drone  
  178  12:05  Overlord, Spire  
  184  12:22  Overlord x2  
  184  12:25  Hydralisk x9  
  183  12:30  Baneling x14  
  180  12:43  Lurker x9  
  180  12:44  Lurker  
  184  12:45  Hydralisk x5  
  184  12:47  Zergling x8  
  185  12:55  Zergling x18  
Tags
 
Add a new tag
Caveats
  • Supply blocks, unpowered buildings, or Contaminate may cause inaccurate times.
  • Supply counts are checked every 10 seconds.